 Dungeon Crawl Stone Soup version 0.28.0-53-g5a82cb258f (webtiles) character file.

Game seed: 2783581817956701013

10427 MajorAdolf the Fighter (level 11, 106/106 HPs)
             Began as a Naga Wanderer on June 30, 2022.
             Was an Initiate of Gozag.
             Quit the game on level 11 of the Dungeon on July 10, 2022.
             The game lasted 00:20:40 (17683 turns).

MajorAdolf the Fighter (Naga Wanderer)             Turns: 17683, Time: 00:20:40

Health: 106/106    AC: 13    Str: 18    XL:     11   Next: 61%
Magic:  12/12      EV: 13    Int: 14    God:    Gozag
Gold:   473        SH:  6    Dex: 10    Spells: 12/12 levels left

rFire   + . .      SeeInvis +   n - +1 hand axe (drain)
rCold   . . .      Faith    .   e - +1 buckler {rF+}
rNeg    . . .      Spirit   +   c - +2 scale mail
rPois   +          Reflect  .   u - +0 helmet
rElec   .          Harm     .   k - +0 cloak
rCorr   .          Rampage  .   (no gloves)
Will    +....                   (no barding)
Stlth   ..........              C - amulet of guardian spirit
HPRegen 0.27/turn               w - +4 ring of evasion
MPRegen 0.13/turn               (no ring)

@: very slow
A: AC +3, large, see invisible, deformed body, poison resistance, slowness 2,
spit poison 1, naga tail 1
a: Spit Poison, Renounce Religion, Potion Petition, Call Merchant, Bribe Branch


You were on level 11 of the Dungeon.
You worshipped Gozag.
Gozag was aware of your devotion.
You visited 2 branches of the dungeon, and saw 12 of its levels.
You also visited: Sewer.

You collected 684 gold pieces.
You paid 211 gold pieces to Gozag.

Inventory:

Hand Weapons
 d - a +0 whip
 g - a +0 hand axe
 n - a +1 hand axe of draining (weapon)
 H - a +2 scimitar of electrocution
Armour
 c - a +2 scale mail (worn)
 e - a +1 buckler of fire resistance (worn)
 k - a +0 cloak (worn)
 u - a +0 helmet (worn)
Jewellery
 w - a +4 ring of evasion (left hand)
 C - an amulet of guardian spirit (around neck)
Wands
 b - a wand of flame (1) (quivered)
 l - a wand of mindburst (11)
 x - a wand of iceblast (11)
Scrolls
 h - 5 scrolls of enchant weapon
 i - 3 scrolls of teleportation
 o - 2 scrolls of enchant armour {unknown}
 p - a scroll of blinking {unknown}
 q - a scroll of fear {unknown}
 r - 2 scrolls of vulnerability {unknown}
 s - 2 scrolls of amnesia {unknown}
 t - 6 scrolls of identify
 v - 2 scrolls of acquirement {unknown}
 y - 2 scrolls of brand weapon {unknown}
 z - a scroll of noise {unknown}
 E - a scroll of fog {unknown}
 I - a scroll of magic mapping {unknown}
 J - a scroll of holy word {unknown}
Potions
 a - 5 potions of mutation {unknown}
 f - 3 potions of curing
 j - 2 potions of berserk rage {unknown}
 m - 5 potions of attraction {unknown}
 A - a potion of lignification {unknown}
 B - 2 potions of haste {unknown}
 D - a potion of brilliance {unknown}
 F - 2 potions of degeneration {unknown}
 G - a potion of resistance {unknown}


   Skills:
 + Level 9.5 Fighting
 + Level 7.1 Axes
 + Level 6.7 Armour
 + Level 6.3 Dodging
 + Level 5.9 Shields
 - Level 1.0 Spellcasting
 - Level 2.0 Transmutations
 + Level 4.9 Evocations


You had 12 spell levels left.
You didn't know any spells.
Your spell library contained the following spells:

 Spells                   Type           Power      Damage    Failure   Level
 Beastly Appendage        Tmut           12%        N/A       36%         1
 Wereblood                Tmut           6%         N/A       52%         2
 Animate Skeleton         Necr           0%         N/A       65%         1
 Pain                     Necr           0%         1d4       65%         1
 Shock                    Conj/Air       0%         1d3       65%         1
 Summon Small Mammal      Summ           0%         N/A       65%         1
 Passwall                 Tmut/Erth      2%         N/A       65%         2
 Blink                    Tloc           0%         N/A       80%         2
 Ensorcelled Hibernation  Hex/Ice        0%         N/A       80%         2
 Sublimation of Blood     Necr           0%         N/A       80%         2
 Spider Form              Tmut/Pois      3%         N/A       87%         3
 Call Canine Familiar     Summ           0%         N/A       95%         3
 Lesser Beckoning         Tloc           0%         N/A       95%         3
 Summon Guardian Golem    Hex/Summ       0%         N/A       95%         3
 Swiftness                Air            0%         N/A       95%         3
 Vampiric Draining        Necr           0%         2d6       95%         3
 Petrify                  Tmut/Erth      3%         N/A       99%         4
 Airstrike                Air            0%         N/A       100%        4
 Olgreb's Toxic Radiance  Pois           0%         N/A       100%        4
 Summon Lightning Spire   Summ/Air       0%         N/A       100%        4
 Irradiate                Conj/Tmut      1%         3d14      100%        5
 Manifold Assault         Tloc           0%         N/A       100%        5
 Ozocubu's Refrigeration  Ice            0%         4d5       100%        7
 Storm Form               Tmut/Air       1%         N/A       100%        7
 Ignition                 Fire           0%         3d3       100%        8
 Maxwell's Capacitive Co  Air            0%         ∞         100%        8


Dungeon Overview and Level Annotations

Branches:
Dungeon (11/15)            Temple (1/1) D:5            Lair (0/6) D:8
    Orc (0/2) D:11          Sewer (visited)

Altars:
Ashenzari
Cheibriados
Dithmenos
Elyvilon
Fedhas
Gozag
Hepliaklqana
Kikubaaqudgha
Makhleb
Nemelex Xobeh
Okawaru
Qazlal
Ru
Sif Muna
Trog
Uskayaw
Vehumet
Wu Jian
Xom
Yredelemnul
Zin
The Shining One

Shops:
D:1 !   D:4 [*=*   D:9 ?

Portals:
Trove: D:11 (give +3 storm dragon scales)

Annotations:
D:6 2 runed translucent doors, diceflayer's ghost, novice NaFi
D:11 1 runed translucent door, Ashen's ghost, journeyman OgIE


Innate Abilities, Weirdness & Mutations

Your serpentine skin is tough. (AC +3)
You have supernaturally acute eyesight. (SInv)
Armour fits poorly on your strangely shaped body.
Your system is resistant to poisons. (rPois)
You cover ground very slowly.
You can spit poison.
You have a snake-like lower body.


Message History

The orc wizard is almost dead.
The orc wizard casts a spell.
The orc wizard flickers and vanishes for a moment.
You hit the orc wizard.
You kill the orc wizard!
No target in view!
No target in view!
You now have 473 gold pieces (gained 16).
Items here: ))) [[[.
There is an open door here.
There is an open door here.
There is an escape hatch in the floor here.
There is an open door here.
Key pressed, stopping explore.
Things that are here:
a +0 giant spiked club; a +0 giant spiked club
There is an open door here.
You open the door.
There is an open door here.
There is a staircase to the Orcish Mines here.
There is an open door here.
Ashen's ghost turns its malevolent gaze towards you.
The green ugly thing gurgles horribly!
Ashen's ghost screams, "You will join me soon!"
Could not explore, unopened runed door.
Could not explore, unopened runed door.
Could not explore, unopened runed door.
Could not explore, unopened runed door.
There is an open door here.
There is a portal to a secret trove of treasure here.
This trove needs +3 storm dragon scales to function.
Give it the item?
Okay, then.
Unknown command.
Level annotation: 1 runed translucent door, Ashen's ghost, journeyman OgIE Welcome back, MajorAdolf the Naga Wanderer.
Gozag says: Greed is good.
Press ? for a list of commands and other information.
Unknown command.
Okay, then.
Are you sure you want to abandon this character and quit the game? (Confirm with "yes".)

####§§§# #.##.......#.......#
##.#§Wu# #.####.######.....##
##.##+## #.####.## ##...##
##.#...# #.......## ###.#
.......# ####.....## #.#
##.##.## ##.......## ##.#####
##.....####.........####......##
..........'.........+..........#
###....####.....@...####.......#
# #.#.## ##.......## ##......# #
#.### ##.....## ###...## ###.###
##...## ##.## ......# ##+## #.#
###.#.####### #.# #.# #
#.........# #.###### #.# #
###.#####.###......# #.# # #.#
##.##...###.# #.#


There were no monsters in sight!

Vanquished Creatures
  A two-headed ogre (D:11)
  A centaur warrior (D:9)
  An ugly thing (D:9)
  A troll (D:11)
  A shadow (D:11)
  A wraith (D:11)
  A wyvern (D:11)
  17 yaks
  Grum (D:10)
  2 steam dragons
  Menkaure (D:7)
  A water moccasin (D:8)
  An acid dragon (D:9)
  5 ice beasts
  3 orc warriors
  2 hornet zombies (D:7)
  A necrophage (D:6)
  5 ogres
  3 sky beasts (D:6)
  2 wolves
  2 centaurs
  2 kobold brigands
  4 bullfrogs
  6 scorpions
  2 gnoll sergeants
  A wyvern zombie (D:6)
  A wyvern skeleton (D:5)
  11 killer bees
  A water moccasin skeleton (D:6)
  A wight (D:6)
  3 howler monkeys
  2 centaur zombies
  A jelly (D:8)
  6 hounds
  2 orc priests
  2 bullfrog skeletons
  An iguana (D:7)
  12 orc wizards
  A howler monkey zombie (D:6)
  9 adders
  7 gnolls
  A shadow imp (D:6)
  A white imp (D:5)
  An adder skeleton (D:5)
  A worm (D:3)
  3 dart slugs
  A dart slug (shapeshifter) (D:11)
  24 orcs
  10 endoplasms
  13 giant cockroaches
  A goblin (D:4)
  8 hobgoblins
  3 jackals (D:3)
  8 quokkas
  9 ball pythons
  11 bats
  6 frilled lizards
  14 kobolds
  3 rats
246 creatures vanquished.

Vanquished Creatures (others)
  A howler monkey (D:10)
1 creature vanquished.

Grand Total: 247 creatures vanquished

Notes
Turn   | Place    | Note
-------+----------+-------------------------------------------
     0 | D:1      | MajorAdolf the Naga Wanderer began the quest for the Orb.
     0 | D:1      | MajorAdolf set off with the following items: a +0 club, a
                  | wand of flame (5), a +2 scale mail; and the following
                  | spells available to memorise: Wereblood, Passwall
     0 | D:1      | Reached XP level 1. HP: 18/18 MP: 2/2
   471 | D:1      | Reached skill level 2 in Fighting
   471 | D:1      | Reached XP level 2. HP: 26/26 MP: 3/3
   524 | D:1      | Found Koylokuu's Distillery.
   740 | D:1      | Found a faded altar of an unknown god.
   764 | D:1      | Reached XP level 3. HP: 33/33 MP: 4/4
   795 | D:1      | Reached skill level 3 in Fighting
  1758 | D:2      | Found an iron altar of Okawaru.
  2048 | D:3      | Reached XP level 4. HP: 40/44 MP: 5/5
  2078 | D:3      | Reached skill level 4 in Fighting
  2100 | D:3      | Found a glowing drain.
  2104 | Sewer    | Entered a sewer
  2803 | Sewer    | Reached XP level 5. HP: 34/51 MP: 6/6
  2990 | Sewer    | Reached skill level 5 in Fighting
  2997 | Sewer    | Reached XP level 6. HP: 42/62 MP: 7/7
  4457 | D:4      | Reached skill level 6 in Fighting
  4888 | D:4      | Reached skill level 1 in Shields
  5012 | D:4      | Found a hide-covered altar of Uskayaw.
  5051 | D:4      | Found Rumm's Antique Armour Shop.
  5053 | D:4      | Found Leephien's Assorted Antiques.
  5056 | D:4      | Found Karix's Assorted Antiques.
  5057 | D:4      | Found Moploshu's Jewellery Shop.
  5120 | D:5      | Entered Level 5 of the Dungeon
  5150 | D:5      | Reached XP level 7. HP: 64/69 MP: 8/8
  5190 | D:5      | Reached skill level 1 in Axes
  5544 | D:5      | Reached XP level 8. HP: 17/78 MP: 9/9
  5820 | D:5      | Found a staircase to the Ecumenical Temple.
  5857 | D:5      | You fall into a shaft and drop 2 floors!
  6164 | D:6      | Reached skill level 7 in Fighting
  6234 | D:6      | Reached XP level 9. HP: 26/86 MP: 10/10
  6867 | D:6      | Found a runed translucent door.
  6872 | D:6      | Noticed diceflayer's ghost (novice NaFi)
  6891 | D:6      | Found a runed translucent door.
  7563 | Temple   | Entered the Ecumenical Temple
  8566 | D:7      | Reached skill level 5 in Armour
  8570 | D:7      | HP: 1/88 [hornet zombie (5)]
  8916 | D:7      | Reached skill level 8 in Fighting
  9135 | D:7      | Reached skill level 5 in Axes
  9315 | D:7      | Noticed Menkaure
  9579 | D:7      | Killed Menkaure
 10007 | D:7      | Reached XP level 10. HP: 91/96 MP: 11/11
 10363 | D:8      | Found a sacrificial altar of Ru.
 10463 | D:7      | Reached skill level 5 in Dodging
 11109 | D:8      | Found a staircase to the Lair.
 11548 | D:9      | Found an ancient bone altar of Kikubaaqudgha.
 11548 | D:9      | Found a radiant altar of Vehumet.
 11556 | D:9      | Found a faded altar of an unknown god.
 11558 | D:9      | Found a shadowy altar of Dithmenos.
 11560 | D:9      | Found a faded altar of an unknown god.
 12428 | D:9      | Reached skill level 5 in Shields
 12902 | D:9      | Found Kagy's Magic Scroll Boutique.
 13200 | D:10     | Entered Level 10 of the Dungeon
 13205 | D:10     | Noticed a centaur warrior
 13233 | D:10     | Noticed a purple ugly thing
 13789 | D:9      | Killed a purple ugly thing
 14201 | D:9      | Killed a centaur warrior
 14202 | D:9      | Reached skill level 9 in Fighting
 14202 | D:9      | Reached XP level 11. HP: 88/106 MP: 9/12
 14273 | D:10     | Noticed Grum
 14879 | D:10     | Killed Grum
 16228 | D:10     | Identified the +3 great mace of Sin {vorpal, Dex+3}
 16251 | D:10     | Found an opulent altar of Gozag.
 16290 | D:10     | Became a worshipper of Gozag Ym Sagoz the Greedy
 16383 | D:11     | Noticed a two-headed ogre
 16387 | D:11     | Killed a two-headed ogre
 16435 | D:11     | Found a staircase to the Orcish Mines.
 16469 | D:11     | Found a portal to a secret trove of treasure.
 16487 | D:11     | Found a runed translucent door.
 16487 | D:11     | Noticed Ashen's ghost (journeyman OgIE)
 16487 | D:11     | Noticed a green ugly thing
 17683 | D:11     | Quit the game

Illustrated notes

Levels and vault maps discovered:
D:1:      nzn_arrival_water_spiral, layout_basic, serial_shops, shop,
          hellmonk_ecumenical_altar_lost_god
D:2:      layout_basic, basic_altar
D:3:      layout_loops_ring, gup_sewer_entry_bowl
D:4:      layout_cave_pools, kennysheep_little_box, chequers_jeans,
          minmay_shop_grid_forest
D:5:      cheibrodos_quashed, layout_loops_ring, minmay_temple_entry_wispy
D:6:      minmay_chambers_of_threes, layout_rooms, ebering_ghost_sewer_f,
          chequers_hall_statues_wall_a, st_stairs_10, hangedman_decor_opposing
D:7:      layout_loops_ring, hex_medium, minmay_misc_feat_five, uniq_menkaure
D:8:      layout_basic, nicolae_ru_great_annihilating_truth, lair_entry_dummy
D:9:      layout_loops_corners, chequers_temple_overflow_minitemple,
          serial_shops, nicolae_lakefront_shop, amcnicky_mini_pool_small
D:10:     layout_basic, lemuel_doored_altar, minmay_between, uniq_grum
D:11:     layout_loops_corners, orc_0_dummy, enter_trove_0,
          ebering_ghost_inner_flame, chequers_arboretum
Temple:   compressed_dpeg_circular_temple

Skill      XL: |  1  2  3  4  5  6  7  8  9 10 11 |
---------------+----------------------------------+-----
Fighting       | 2 3 4 5 6 7 8 9 |  9.5
Dodging        | 2 3 4 5 6 |  6.3
Shields        | 1 2 3 4 5 |  5.9
Axes           | 2 3 5 6 7 |  7.1
Armour         | 3 4 5 6 |  6.7
Evocations     | 3 4 |  4.9
Spellcasting   | |  1.0
Transmutations | |  2.0

Action                   |  1- 3 |  4- 6 |  7- 9 | 10-12 || total
-------------------------+-------+-------+-------+-------++-------
Melee: Club              |    22 |       |       |       ||    22
       Whip              |    81 |   299 |       |       ||   380
       Hand axe          |       |    26 |   467 |   619 ||  1112
 Abil: Spit Poison       |    15 |    20 |     8 |     6 ||    49
Evoke: Wand              |     1 |     2 |     2 |     3 ||     8
  Use: Scroll            |     2 |       |     1 |     1 ||     4
       Potion            |       |       |     3 |       ||     3
 Stab: Paralysed         |       |       |       |     2 ||     2
Armor: Scale mail        |    73 |   248 |   228 |   290 ||   839
Dodge: Dodged            |    49 |   150 |   206 |   445 ||   850
Block: Buckler           |       |    45 |   124 |   232 ||   401
